 Dungeon Crawl Stone Soup version 0.29.1-12-g30fa7ad0bf (webtiles) character file.

Game seed: 2077663526102237998

147 sweetbreads the Sneak (level 5, 0/23 (24) HPs)
             Began as a Spriggan Enchanter on Jan 7, 2023.
             Slain by a wight
             ... wielding a +3 dire flail
              (8 damage)
             ... on level 4 of the Dungeon.
             The game lasted 00:11:28 (3480 turns).

sweetbreads the Sneak (Spriggan Enchanter)          Turns: 3480, Time: 00:11:29

HP:   0/23 (24)     AC:  5    Str:  4    XL:     5   Next: 7%
MP:   11/11         EV: 18    Int: 18    God:
Gold: 122           SH:  5    Dex: 16    Spells: 3/11 levels left

rFire   + . .      SeeInvis +   a - +1 dagger
rCold   . . .      Faith    .   (no shield)
rNeg    . . .      Spirit   .   b - +0 robe
rPois   .          Reflect  +   (helmet restricted)
rElec   .          Harm     .   s - +2 cloak {rCorr}
rCorr   +          Rampage  .   (gloves unavailable)
Will    .....                   (boots unavailable)
Stlth   +++.......              l - amulet of reflection
HPRegen 0.07/turn               n - ring of protection from fire
MPRegen 0.12/turn               (no ring)

@: lightly drained, very quick
A: very small, no large weapons, unfitting armour, see invisible, speed 3
a: no special abilities


You were on level 4 of the Dungeon.
You visited 1 branch of the dungeon, and saw 4 of its levels.

You collected 122 gold pieces.

Inventory:

Hand Weapons
 a - a +1 dagger (weapon)
 m - a +0 rapier
Armour
 b - a +0 robe (worn)
 k - the +0 pair of boots of Jalorady {Dex+3}
   (You found it on level 2 of the Dungeon)

   Dex:       It affects your dexterity (+3).
 s - a +2 cloak of preservation (worn)
Magical Staves
 o - a staff of death
Jewellery
 i - a ring of fire
 l - an amulet of reflection (around neck)
 n - a ring of protection from fire (left hand)
 q - a ring of fire
Wands
 t - a wand of mindburst (16)
Scrolls
 e - 2 scrolls of identify {unknown}
 f - 3 scrolls of teleportation {unknown}
 g - 4 scrolls of butterflies {unknown}
Potions
 c - 3 potions of invisibility
 d - a potion of cancellation {unknown}
 h - a potion of resistance {unknown}
 j - 2 potions of attraction {unknown}
 p - a potion of magic {unknown}
 r - a potion of brilliance {unknown}
 u - a potion of haste {unknown}
 v - a potion of heal wounds {unknown}
 w - a potion of berserk rage {unknown}


   Skills:
 * Level 2.7 Short Blades
 * Level 3.6 Dodging
 + Level 6.0 Stealth
 * Level 3.8 Spellcasting
 + Level 4.2 Hexes


You had 3 spell levels left.
You knew the following spells:

 Your Spells              Type           Power      Damage    Failure   Level
a - Ensorcelled Hibernat  Hex/Ice        22%        N/A       10%         2
b - Confusing Touch       Hex            18%        N/A       8%          3
c - Tukima's Dance        Hex            18%        N/A       8%          3

Your spell library contained the following spells:

 Spells                   Type           Power      Damage    Failure   Level
 Dazzling Flash           Conj/Hex       22%        N/A       19%         3
 Passwall                 Tmut/Erth      2%         N/A       22%         2
 Spider Form              Tmut/Pois      3%         N/A       41%         3
 Swiftness                Air            3%         N/A       41%         3
 Anguish                  Hex/Necr       5%         N/A       52%         4
 Ice Form                 Ice/Tmut       3%         N/A       83%         4
 Alistair's Intoxication  Tmut/Pois      2%         N/A       99%         5


Dungeon Overview and Level Annotations

Branches:
Dungeon (4/15)
 Temple: D:4-7

Altars:
Ru
Yredelemnul


Innate Abilities, Weirdness & Mutations

You are very small and have problems with some larger weapons.
You are too small for most types of armour.
You have supernaturally acute eyesight. (SInv)
You cover ground extremely quickly. (Speed+++)


Message History

You block the scorpion zombie's attack.
You hit the scorpion zombie.
The scorpion zombie is almost destroyed.
The scorpion zombie completely misses you.
You hit the scorpion zombie but do no damage.
The scorpion zombie is almost destroyed.
The scorpion zombie barely misses you.
You hit the scorpion zombie.
You destroy the scorpion zombie!
Your Stealth skill increases to level 6!
You have reached level 5!
You feel agile.
Done exploring.
Done exploring.
Items here: ))))) รทรทรทรท.
There is an open door here.
Things that are here:
a +0 flail; an orc skeleton
There is a stone staircase leading down here.
You climb downwards.
There is a stone staircase leading up here.
You open the door.
There is an open door here.
Found a stone staircase leading down.
A wight comes into view. It is wielding a +3 dire flail.
A wight comes into view.
It is wielding a +2 morningstar of freezing.
A wight comes into view.
It is wielding a +4 long sword of freezing.
There is an open door here.
There is a stone staircase leading up here.
You start waiting.
A wight is nearby!
Casting: Ensorcelled Hibernation (safe; 10% risk of failure)
Confirm with . or Enter, or press ? or * to list all spells.
The spell is quite dangerous to miscast (8% risk of failure)!
Continue anyway?
Okay, then.
Unknown command.
The wight hits you with a +3 dire flail!
Ouch! That really hurt!
You feel drained.
You die...

z...# ....#
#.>#######
##..##....##
#...#......#
#...#......# ##
##.###....#####
.##..##.###....##..#
........#...z..z@..#
........'..........#
+#########.....##..#
###########


You could see 2 wights.

Vanquished Creatures
  2 scorpion zombies (D:3)
  2 adders (D:3)
  An adder zombie (D:3)
  A worm (D:2)
  An orc (D:3)
  8 ball pythons
  5 bats
  3 endoplasms
  5 giant cockroaches
  13 goblins
  7 hobgoblins
  4 jackals (D:1)
  2 quokkas
  2 frilled lizards (D:1)
  7 kobolds
  8 rats
71 creatures vanquished.

Notes
Turn   | Place    | Note
-------+----------+-------------------------------------------
     0 | D:1      | sweetbreads the Spriggan Enchanter began the quest for the
                  | Orb.
     0 | D:1      | Reached XP level 1. HP: 9/9 MP: 5/5
   312 | D:1      | Reached XP level 2. HP: 7/13 MP: 6/6
   315 | D:1      | Learned a level 2 spell: Ensorcelled Hibernation
   939 | D:1      | Reached skill level 5 in Stealth
   952 | D:1      | Reached XP level 3. HP: 14/16 MP: 8/8
   956 | D:1      | Learned a level 3 spell: Confusing Touch
   960 | D:1      | Learned a level 3 spell: Tukima's Dance
  1184 | D:2      | Identified the +0 pair of boots of Jalorady {Dex+3}
  1786 | D:2      | You fall into a shaft and drop 1 floor!
  2042 | D:3      | Reached XP level 4. HP: 21/21 MP: 2/10
  2510 | D:3      | Found a faded altar of an unknown god.
  2515 | D:3      | Found a sacrificial altar of Ru.
  2921 | D:3      | Got the Essays on the Noxious Snowflakes
  3338 | D:3      | Found a basalt altar of Yredelemnul.
  3365 | D:3      | Reached skill level 6 in Stealth
  3365 | D:3      | Reached XP level 5. HP: 24/24 MP: 11/11
  3480 | D:4      | Slain by a wight

Illustrated notes

Levels and vault maps discovered:
D:1:      tarquinn_simple_flora_water_b, layout_basic
D:2:      layout_basic
D:3:      kennysheep_the_goblin_king, layout_basic,
          nicolae_overflow_ecumenical_swirl, nicolae_yredelemnul_corpse_copse,
          amethyst_killhole, hangedman_abyss_or_decor_lesser_grid
D:4:      layout_gridville, grunt_temple_overflow_champion_of_chaos,
          temple_pool_b

Skill      XL: |  1  2  3  4 |
---------------+-------------+-----
Dodging        | 3 |  3.6
Hexes          | 4 |  4.2
Spellcasting   | 3 |  3.8
Stealth        | 5 6 |  6.0
Short Blades   | 2 |  2.7

Action                   |  1- 3 |  4- 6 || total
-------------------------+-------+-------++-------
Melee: Dagger            |   111 |   133 ||   244
       Punch             |       |     3 ||     3
 Cast: Ensorcelled Hiber |    20 |     2 ||    22
 Stab: Sleeping          |    24 |    11 ||    35
       Distracted        |       |     1 ||     1
Armor: Robe              |     9 |    17 ||    26
Dodge: Dodged            |    81 |    60 ||   141
Block: Other             |     4 |    18 ||    22
